 Dungeon Sprint DCSS version 0.18-a0-1164-g7046a04 (webtiles) character file.

366 Kidiri the Thaumaturge (level 6, -13/37 HPs)
             Began as a Deep Elf Conjurer on Jan 25, 2016.
             Was a Believer of Sif Muna.
             Mangled by a red devil
             ... wielding a +0 trident
              (20 damage)
             ... in the Dungeon (Sprint VII: "The Pits").
             The game lasted 00:04:30 (1382 turns).

Kidiri the Thaumaturge (Deep Elf Conjurer)          Turns: 1382, Time: 00:04:30

Health: -13/37     AC:  2    Str:  5    XL:     6   Next: 40%
Magic:  15/19      EV: 16    Int: 22    God:    Sif Muna [**....]
Gold:   0          SH:  0    Dex: 15    Spells: 6 memorised, 2 levels left

rFire  . . .     SeeInvis .     q - +1 quarterstaff (speed)
rCold  . . .     Gourm    .     a - +0 robe
rNeg   . . .     Faith    .     (shield currently unavailable)
rPois  .         Spirit   .     (no helmet)
rElec  .         Dismiss  .     (no cloak)
rCorr  .         Reflect  .     (no gloves)
SustAt .         Harm     .     (no boots)
MR     .....     NoTele   +     (no amulet)
Stlth  +++.......               (no ring)
                                (no ring)

@: not resistant to hostile enchantments, fairly stealthy
A: no striking features
a: Channel Energy, Forget Spell, Renounce Religion


You were in the Dungeon.
You worshipped Sif Muna.
Sif Muna was pleased with you.
You were not hungry.

You visited 1 branch

Inventory:

Hand Weapons
 q - a +1 quarterstaff of speed (weapon)
Armour
 a - a +0 robe (worn)
Scrolls
 i - a scroll of blinking
 m - 3 scrolls of remove curse
 n - 5 scrolls of amnesia
 o - a scroll of summoning
Potions
 d - 5 potions of curing
 e - 4 potions of heal wounds
 f - a potion of haste
 g - 3 potions of magic
 h - 3 potions of berserk rage
 l - 2 potions of invisibility
Books
 b - a book of Conjurations

   Spells                             Type                      Level
   a - Magic Dart                     Conjuration                  1
   b - Searing Ray                    Conjuration                  2
   c - Dazzling Spray                 Conjuration/Hexes            3
   d - Fulminant Prism                Conjuration/Hexes            4
   e - Iskenderun's Mystic Blast      Conjuration                  4
   f - Iskenderun's Battlesphere      Conjuration/Charms           5
Comestibles
 c - 8 bread rations
 j - 40 fruits
 k - 7 meat rations


   Skills:
 + Level 3.1 Fighting
 + Level 3.5 Staves
 + Level 3.1 Armour
 * Level 7.2 Dodging
 + Level 6.0 Stealth
 * Level 8.0 Spellcasting
 * Level 7.6 Conjurations
 + Level 4.0 Hexes
 + Level 0.0 Charms
 + Level 4.0 Invocations


You had 2 spell levels left.
You knew the following spells:

 Your Spells              Type           Power        Failure   Level  Hunger
a - Magic Dart            Conj           ####         1%          1    None
b - Searing Ray           Conj           #####.       1%          2    None
c - Dazzling Spray        Conj/Hex       ####....     1%          3    None
d - Iskenderun's Mystic   Conj           #####...     3%          4    ###....
e - Fulminant Prism       Conj/Hex       ####......   10%         4    ###....
f - Iskenderun's Battles  Conj/Chrm      ####....     50%         5    #####..


Dungeon Overview and Level Annotations

Branches:
Dungeon (1/1)

Altars:
Ashenzari
Cheibriados
Dithmenos
Elyvilon
Fedhas
Gozag
Kikubaaqudgha
Makhleb
Nemelex Xobeh
Okawaru
Pakellas
Qazlal
Ru
Sif Muna
Trog
Vehumet
Xom
Yredelemnul
Zin
The Shining One
Beogh
Jiyva
Lugonu


Message History

Unknown command.
Drink which item? (? for menu, Esc to quit)
Magic courses through your body.
Casting: Dazzling Spray
Confirm with . or Enter, or press ? or * to list all spells.
Aiming: Searing Ray
Press: ? - help, Shift-Dir - straight line, f/p - red devil
Aim: a red devil, wielding a trident (moderately wounded, blind)
The searing ray hits the red devil.
The red devil is heavily wounded.
The red devil misses you.
The searing ray hits the red devil.
The red devil is severely wounded.
The red devil hits you with a trident!
* * * LOW HITPOINT WARNING * * *
The searing ray hits the red devil.
The red devil is almost dead.
The red devil hits you with a trident!!
Ouch! That really hurt!
You die...

#.#..+[))).##.......#
#.#..#[))).##.......#
#'###########.......#
#.......# #########
#..#.#..# #.##.##.#
#.......#+#
#.##.##.#4+
#..#.#..#@#
#.......'.#
###########


You could see a red devil (blind).

Vanquished Creatures
  A flying skull (D)
  A black bear (D)
  A hound (D)
  A jelly (D)
  2 worker ants (D)
  A white imp (D)
  An orc (D)
  2 ball pythons (D)
  A giant cockroach (D)
  3 hobgoblins (D)
  A bat (D)
  A goblin (D)
16 creatures vanquished.

Notes
Turn   | Place    | Note
--------------------------------------------------------------
     0 | D        | Kidiri the Deep Elf Conjurer began the quest for the Orb.
     0 | D        | Reached XP level 1. HP: 10/10 MP: 6/6
    49 | D        | Found a sacrificial altar of Ru.
    49 | D        | Found a basalt altar of Yredelemnul.
    49 | D        | Found a shadowy altar of Dithmenos.
    49 | D        | Found a deep blue altar of Sif Muna.
    49 | D        | Found a burning altar of Makhleb.
    49 | D        | Found a shimmering altar of Xom.
    49 | D        | Found an ancient bone altar of Kikubaaqudgha.
    49 | D        | Found a sparkling altar of Nemelex Xobeh.
    50 | D        | Found a glowing golden altar of the Shining One.
    50 | D        | Found a bloodstained altar of Trog.
    50 | D        | Found a shattered altar of Ashenzari.
    50 | D        | Found a white marble altar of Elyvilon.
    50 | D        | Found a snail-covered altar of Cheibriados.
    50 | D        | Found a blossoming altar of Fedhas.
    50 | D        | Found a radiant altar of Vehumet.
    50 | D        | Found a glowing silver altar of Zin.
    50 | D        | Found a corrupted altar of Lugonu.
    50 | D        | Found a viscous altar of Jiyva.
    50 | D        | Found a roughly hewn altar of Beogh.
    50 | D        | Found an iron altar of Okawaru.
    51 | D        | Found an oddly glowing altar of Pakellas.
    53 | D        | Became a worshipper of Sif Muna the Loreminder
    59 | D        | Found a stormy altar of Qazlal.
    59 | D        | Found an opulent altar of Gozag.
   297 | D        | Reached skill level 1 in Fighting
   298 | D        | Reached XP level 2. HP: 13/16 MP: 4/8
   302 | D        | Learned a level 2 spell: Searing Ray
   363 | D        | Reached skill level 1 in Staves
   363 | D        | Reached skill level 1 in Armour
   363 | D        | Reached skill level 5 in Conjurations
   363 | D        | Reached skill level 1 in Invocations
   363 | D        | Reached XP level 3. HP: 7/20 MP: 2/11
   366 | D        | Reached skill level 5 in Spellcasting
   673 | D        | Learned a level 3 spell: Dazzling Spray
   792 | D        | Reached * piety under Sif Muna
   792 | D        | Reached skill level 6 in Conjurations
   792 | D        | Reached skill level 1 in Hexes
   792 | D        | Reached XP level 4. HP: 12/26 MP: 8/13
   793 | D        | Reached skill level 5 in Dodging
   971 | D        | Learned a level 4 spell: Iskenderun's Mystic Blast
   976 | D        | Learned a level 4 spell: Fulminant Prism
  1077 | D        | Noticed a black bear
  1089 | D        | Killed a black bear
  1089 | D        | Reached skill level 5 in Stealth
  1089 | D        | Reached XP level 5. HP: 16/31 MP: 9/16
  1247 | D        | Noticed a flying skull
  1256 | D        | Killed a flying skull
  1256 | D        | Reached ** piety under Sif Muna
  1256 | D        | Reached skill level 7 in Dodging
  1256 | D        | Reached skill level 8 in Spellcasting
  1256 | D        | Reached XP level 6. HP: 25/37 MP: 4/19
  1358 | D        | Learned a level 5 spell: Iskenderun's Battlesphere
  1367 | D        | Noticed a red devil
  1382 | D        | Mangled by a red devil

Vault maps used:
D:        pitsprint

Action                   |  1- 3 |  4- 6 || total
-------------------------+-------+-------++-------
Melee: Quarterstaff      |     2 |     9 ||    11
 Cast: Magic Dart        |    19 |       ||    19
       Searing Ray       |     2 |     2 ||     4
       Dazzling Spray    |       |    13 ||    13
  Use: Potion            |     2 |     2 ||     4
 Stab: Invisible         |       |     2 ||     2
  Eat: Chunk             |       |     1 ||     1
